 Dungeon Crawl Stone Soup version 0.31-a0-1042-ga9834b393d (webtiles) character file.

Game seed: 312804068193781753

98 Angani the Magician (level 5, -4/39 HPs)
             Began as a Djinni Necromancer on Nov 21, 2023.
             Slain by a gnoll
             ... wielding a +0 halberd
              (12 damage)
             ... on level 2 of the Dungeon.
             The game lasted 00:02:32 (1378 turns).

Angani the Magician (Djinni Necromancer)            Turns: 1378, Time: 00:02:33

Health: -4/39      AC:  2    Str:  7    XL:     5   Next: 1%
Gold:   111        EV: 13    Int: 18    God:
                   SH:  0    Dex: 20

rFire   + + .        i - +1 short sword (venom)
rCold   x . .        (no shield)
rNeg    . . .        a - +0 robe
rPois   ∞            (no helmet)
rElec   .            (no cloak)
rCorr   .            (no gloves)
SInv    .            (boots unavailable)
Will    .....        (no amulet)
Stlth   ++           e - +4 ring of slaying
HPRegen 0.26/turn    f - +6 ring of dexterity
MPRegen 0.00/turn

%: infuse magic (-5 HP)
@: wereblooded, flying
A: sickness immunity, fire resistance 2, cold vulnerability 1, float, innate
caster, HP casting, extra vitality 1
a: no special abilities


You were on level 2 of the Dungeon.
You visited 1 branch of the dungeon, and saw 2 of its levels.

You collected 111 gold pieces.

Inventory:

Hand Weapons
 i - a +1 short sword of venom (weapon)
Armour
 a - a +0 robe (worn)
Jewellery
 e - a +4 ring of slaying (left hand)
 f - a +6 ring of dexterity (right hand)
 j - a +6 ring of strength
 l - a +6 ring of dexterity
Scrolls
 b - a scroll of poison {unknown}
 g - a scroll of amnesia {unknown}
 h - a scroll of teleportation {unknown}
Potions
 c - a potion of brilliance {unknown}
 d - a potion of curing {unknown}
 k - a potion of heal wounds {unknown}


   Skills:
 + Level 2.7 Fighting
 - Level 2.1 Dodging
 - Level 1.5 Stealth
 + Level 4.1 Spellcasting
 + Level 4.1 Conjurations
 + Level 4.1 Hexes
   Level 0.0 Charms
 + Level 4.1 Summonings
 + Level 4.1 Necromancy
 + Level 4.1 Translocations
 + Level 4.1 Transmutations
 + Level 4.1 Fire Magic
 + Level 4.1 Ice Magic
 + Level 4.1 Air Magic
 + Level 4.1 Earth Magic
 + Level 4.1 Poison Magic


You knew the following spells:

 Your Spells              Type           Power      Damage    Failure   Level
a - Necrotise             Necr           72%        1d7       2%          1
b - Vampiric Draining     Necr           18%        2d7       9%          3
c - Animate Dead          Necr           18%        N/A       26%         4
d - Agony                 Necr           18%        N/A       58%         5
e - Summon Small Mammal   Summ           72%        N/A       2%          1
f - Wereblood             Tmut           18%        N/A       4%          2
Your spell library was empty.

Dungeon Overview and Level Annotations

Branches:
Dungeon (2/15)

Altars:


Innate Abilities, Weirdness & Mutations

You are immune to sickness and miasma.
You are immune to poison.
Your flesh is very heat resistant. (rF++)
You are vulnerable to cold. (rC-)
You float through the air rather than walking.
You learn spells naturally, not from books.
Your magical power is your life essence.
You have superior vitality. (+4 MHP)


Message History

Spell assigned to 'f'.
Things that are here:
a +0 club; a gnoll corpse
Casting: Summon Small Mammal (safe; 2% risk of failure)
Confirm with . or Enter, or press ? or * to list all spells.
Your blood is infused with primal strength.
Unknown command.
The gnoll hits you with a +0 halberd.
You hit the gnoll.
The gnoll is lightly wounded.
The gnoll hits you with a +0 halberd!
You barely miss the gnoll.
The gnoll is lightly wounded.
The gnoll misses you.
You hit the gnoll.
The gnoll is heavily wounded.
The gnoll closely misses you.
You barely miss the gnoll.
The gnoll is heavily wounded.
The gnoll hits you with a +0 halberd!
* * * LOW HITPOINT WARNING * * *
You are too injured to fight recklessly!
You are too injured to fight recklessly!
You are too injured to fight recklessly!
Unknown command.
You completely miss the gnoll.
The gnoll is heavily wounded.
The gnoll hits you with a +0 halberd.
* * * LOW HITPOINT WARNING * * *
Unknown command.
You hit the gnoll but do no damage.
The gnoll is heavily wounded.
The gnoll barely misses you.
You hit the gnoll.
The gnoll is almost dead.
The gnoll barely misses you.
You hit the gnoll but do no damage.
The gnoll is poisoned.
The gnoll is almost dead.
The gnoll hits you with a +0 halberd!
You die...

#####.# ##[.#........
##'###..##...)....
#....)..##........
########.......##........
)......'.......##........
...#####.......##........
.............######'#####
..############# #......#
......g@)....# #......# #....
############.# #......# #.#..
##.....#.# #......# ###.#..
#......#.# #......# ..#.#.##
#####..##..#.# #......#
#.#.#..#.##.....#####.# #......#
#.#.#..#.##.##.##.....####......#
#.#.#....##.##..)..............%#
....#=..###....##.####.###......#


You could see a gnoll (very poisoned).

Vanquished Creatures
  2 gnolls (D:2)
  An adder (D:2)
  A worm (D:2)
  A dart slug (D:1)
  4 ball pythons
  A bat (D:1)
  6 endoplasms
  A giant cockroach (D:1)
  6 goblins
  4 hobgoblins
  6 jackals (D:1)
  2 quokkas (D:1)
  6 frilled lizards
  6 kobolds
  3 rats (D:1)
50 creatures vanquished.

Vanquished Creatures (collateral kills)
  A gnoll (D:2)
  A frilled lizard (D:1)
2 creatures vanquished.

Grand Total: 52 creatures vanquished

Notes
Turn   | Place    | Note
-------+----------+-------------------------------------------
     0 | D:1      | Angani the Djinni Necromancer began the quest for the Orb.
     0 | D:1      | Angani set off with the following spells memorised:
                  | Necrotise, Vampiric Draining, Animate Dead, Agony.
     0 | D:1      | Reached XP level 1. HP: 15/15 MP: 0/0
    26 | D:1      | Reached XP level 2. HP: 11/22 MP: 0/0
    94 | D:1      | Reached skill level 1 in Fighting
   327 | D:1      | Reached XP level 3. HP: 17/27 MP: 0/0
   327 | D:1      | Learned a level 1 spell: Summon Small Mammal
   973 | D:2      | Reached XP level 4. HP: 33/33 MP: 0/0
  1368 | D:2      | Reached XP level 5. HP: 39/39 MP: 0/0
  1368 | D:2      | Learned a level 2 spell: Wereblood
  1378 | D:2      | Slain by a gnoll

Illustrated notes

Levels and vault maps discovered:
D:1:      ldierk_walled_garden, layout_rooms, minmay_pentomino_r4
D:2:      layout_basic, grunt_decor_mini_mirrors, amethyst_killhole,
          minmay_ruptured

Skill      XL: |  1  2  3  4 |
---------------+-------------+-----
Fighting       | 1 2 |  2.7
Spellcasting   | 4 |  4.1
Conjurations   | 4 |  4.1
Hexes          | 4 |  4.1
Summonings     | 4 |  4.1
Necromancy     | 4 |  4.1
Translocations | 4 |  4.1
Transmutations | 4 |  4.1
Fire Magic     | 4 |  4.1
Ice Magic      | 4 |  4.1
Air Magic      | 4 |  4.1
Earth Magic    | 4 |  4.1
Poison Magic   | 4 |  4.1
Dodging        | |  2.1
Stealth        | |  1.5

Action                     |  1- 3 |  4- 6 || total
---------------------------+-------+-------++-------
  Melee: Unarmed           |     1 |       ||     1
         Short sword       |    13 |    30 ||    43
   Cast: Necrotise         |    46 |       ||    46
         Summon Small Mamm |     2 |     1 ||     3
         Wereblood         |       |     1 ||     1
   Stab: Sleeping          |     4 |     3 ||     7
 Armour: Robe              |    11 |    13 ||    24
  Dodge: Dodged            |    17 |    15 ||    32

Table legend: (Time is in decaauts)
 A = Elapsed time spent in this place.
 B = Non-inter-level travel time spent in this place.
 C = Inter-level travel time spent in this place.
 D = Time resting spent in this place.
 E = Time spent auto-exploring this place.
 F = Levels seen in this place.
 G = Mean time per level.
                   A        B        C        D        E       F      G
               +--------+--------+--------+--------+--------+-----+--------+
         Total |   1376 |   1347 |     29 |     95 |    974 |   2 |  688.0 |
       Dungeon |   1376 |   1347 |     29 |     95 |    974 |   2 |  688.0 |
               +--------+--------+--------+--------+--------+-----+--------+

Top non-repeatable levels by time:
     D:1: 812 daAuts
     D:2: 563 daAuts
